 Dungeon Crawl Stone Soup version 0.31-a0-868-g674d60d6f7 (webtiles) character file.

Game seed: 3271801345435750913

512 pyrow613 the Conjurer (level 6, -5/51 HPs)
             Began as a Draconian Conjurer on Sept 18, 2023.
             Was an Initiate of Sif Muna.
             Slain by a steam dragon (8 damage)
             ... on level 5 of the Dungeon on Oct 11, 2023.
             The game lasted 00:19:54 (4277 turns).

pyrow613 the Conjurer (Draconian Conjurer)          Turns: 4277, Time: 00:19:55

Health: -5/51      AC:  6    Str:  9    XL:     6   Next: 99%
Magic:  0/11       EV: 13    Int: 21    God:    Sif Muna [......]
Gold:   163        SH:  0    Dex: 15    Spells: 3/11 levels left

rFire   . . .        s - +1 dagger (venom)
rCold   . . .        (no shield)
rNeg    . . .        (body armour unavailable)
rPois   .            (helmet restricted)
rElec   .            (no cloak)
rCorr   +            (no gloves)
SInv    .            (no boots)
Will    .....        (no amulet)
Stlth   ++           b - ring of resist corrosion
HPRegen 0.28/turn    v - +6 ring of dexterity
MPRegen 0.12/turn

%: no passive effects
@: no status effects
A: AC +6, unfitting armour, cold-blooded
a: Renounce Religion


You were on level 5 of the Dungeon.
You worshipped Sif Muna.
Sif Muna was noncommittal.
You visited 2 branches of the dungeon, and saw 6 of its levels.

You collected 163 gold pieces.

Inventory:

Hand Weapons
 s - a +1 dagger of venom (weapon)
Missiles
 i - 3 boomerangs
 p - 5 poisoned darts
Jewellery
 b - a ring of resist corrosion (left hand)
 v - a +6 ring of dexterity (right hand)
Wands
 d - a wand of flame (26)
 n - a wand of mindburst (11)
 t - a wand of quicksilver (9)
Scrolls
 c - a scroll of amnesia {unknown}
 h - a scroll of blinking
 k - a scroll of silence {unknown}
 m - a scroll of noise
 q - a scroll of teleportation
 u - a scroll of poison {unknown}
Potions
 a - a potion of magic
 e - a potion of might
 f - a potion of haste
 g - 2 potions of brilliance
 l - 3 potions of curing
 o - 2 potions of mutation {unknown}
 r - a potion of ambrosia {unknown}


   Skills:
 + Level 3.1 Fighting
 + Level 3.3 Dodging
 + Level 3.5 Stealth
 + Level 3.4 Spellcasting
 + Level 5.0 Conjurations
 + Level 1.8 Translocations


You had 3 spell levels left.
You knew the following spells:

 Your Spells              Type           Power      Damage    Failure   Level
a - Magic Dart            Conj           96%        1d7       1%          1
b - Slow                  Hex            12%        N/A       13%         1
c - Searing Ray           Conj           48%        2d6       2%          2
d - Blink                 Tloc           22%        N/A       9%          2
e - Momentum Strike       Conj/Tloc      36%        3d9       4%          2

Your spell library contained the following spells:

 Spells                   Type           Power      Damage    Failure   Level
 Kiss of Death            Conj/Necr      56%        2d9       4%          1
 Shock                    Conj/Air       56%        1d6       4%          1
 Lesser Beckoning         Tloc           22%        N/A       9%          2
 Dazzling Flash           Conj/Hex       28%        N/A       14%         3
 Ensorcelled Hibernation  Hex/Ice        6%         N/A       19%         2
 Passwall                 Tmut/Erth      2%         N/A       19%         2
 Gell's Gravitas          Tloc           11%        N/A       19%         3
 Teleport Other           Tloc           11%        N/A       19%         3
 Confusing Touch          Hex            3%         N/A       36%         3
 Sigil of Binding         Hex            3%         N/A       36%         3
 Swiftness                Air            3%         N/A       36%         3
 Vampiric Draining        Necr           3%         2d6       36%         3
 Iskenderun's Mystic Bla  Conj/Tloc      18%        2d6       30%         4
 Fulminant Prism          Conj/Hex       7%         3d6       41%         4
 Airstrike                Air            1%         2d(1-17)  77%         4
 Summon Forest            Summ/Tloc      3%         N/A       94%         5
 Dispersal                Tloc           5%         N/A       100%        6
 Fire Storm               Conj/Fire      7%         8d2       100%        9


Dungeon Overview and Level Annotations

Branches:
Dungeon (5/15)             Temple (1/1) D:4

Altars:
Ashenzari
Cheibriados
Gozag
Nemelex Xobeh
Okawaru
Qazlal
Sif Muna
Uskayaw
Vehumet
Wu Jian
Yredelemnul
Zin


Innate Abilities, Weirdness & Mutations

Your plain brown scales are hard. (AC +6)
You cannot fit into any form of body armour.
You are cold-blooded and may be slowed by cold attacks.


Message History

Unknown command.
Unknown command.
You hit the steam dragon but do no damage.
The steam dragon is heavily wounded.
The steam dragon bites you but does no damage.
The steam dragon claws you but does no damage.
You barely miss the steam dragon.
The steam dragon is heavily wounded.
The steam dragon breathes steam at you. The ball of steam hits you!!
* * * LOW HITPOINT WARNING * * *
Your magical contamination has completely faded away.
Unknown command.
You hit the steam dragon.
The steam dragon is poisoned.
The steam dragon is severely wounded.
You are engulfed in a cloud of scalding steam.
The steam dragon closely misses you.
The steam dragon claws you but does no damage.
Unknown command.
You feel better.
You are engulfed in a cloud of scalding steam.
You feel ready to blink again. The steam dragon bites you!
* * * LOW HITPOINT WARNING * * *
The steam dragon closely misses you.
Aiming: Magic Dart (safe; 1% risk of failure)
Press: ? - help, Q - select action, (/) - cycle Shift-Dir - straight line, f/p - steam dragon
Aim: a steam dragon (severely wounded, very poisoned, catching its breath, 100% to hit)
The magic dart hits the steam dragon.
The steam dragon is almost dead.
You are engulfed in a cloud of scalding steam.
* * * LOW HITPOINT WARNING * * *
The steam dragon closely misses you. x2
You hit the steam dragon but do no damage.
The steam dragon looks as sick as possible!
The steam dragon is almost dead.
You are engulfed in a cloud of scalding steam.
* * * LOW HITPOINT WARNING * * *
The steam dragon bites you!
You die...

# ##### #..†....#
# #.##.##.# #
####### #.##....#
# #.....#
#.####..# #
#.....# #......>#
# #.....#
###....## #
#.....#####.#### #
#!..<.........# #
###.#÷#####.#@# ##
#.......#.#D#
.#####.......#.#.#
.....#.......#.#.#
...............#†#
#.##!#.......###.#
#.##..#......###.#
#.##.###.........#
#.#.## ##..l.#####


You could see a steam dragon (extremely poisoned, catching breath).

Vanquished Creatures
  A water moccasin (D:5)
  2 scorpions (D:4)
  A jelly (D:4)
  A sleepcap (D:4)
  3 iguanas
  An orc wizard (D:4)
  6 adders
  A shadow imp (D:5)
  A worm (D:4)
  A dart slug (D:4)
  6 orcs
  6 ball pythons
  3 bats
  10 endoplasms
  6 giant cockroaches
  3 goblins
  5 hobgoblins
  2 kobolds
  3 frilled lizards (D:1)
  6 rats
68 creatures vanquished.

Notes
Turn   | Place    | Note
-------+----------+-------------------------------------------
     0 | D:1      | pyrow613 the Draconian Conjurer began the quest for the
                  | Orb.
     0 | D:1      | Reached XP level 1. HP: 14/14 MP: 3/3
   136 | D:1      | Learned a level 1 spell: Slow
   243 | D:1      | You fall into a shaft and drop 1 floor!
   386 | D:1      | Reached XP level 2. HP: 22/22 MP: 1/5
   917 | D:2      | Reached skill level 1 in Fighting
   921 | D:2      | Learned a level 2 spell: Searing Ray
  1034 | D:2      | Found a faded altar of an unknown god.
  1166 | D:2      | Reached XP level 3. HP: 21/28 MP: 6/6
  1771 | D:3      | Got an illuminated book
  2040 | D:3      | Found a sparkling altar of Nemelex Xobeh.
  2201 | D:4      | Upgraded the game from 0.31-a0-795-g5eb97db20b to
                  | 0.31-a0-868-g674d60d6f7
  2285 | D:4      | Reached XP level 4. HP: 35/35 MP: 1/7
  2592 | D:4      | Learned a level 2 spell: Blink
  2595 | D:4      | Learned a level 2 spell: Momentum Strike
  2605 | D:4      | Found a staircase to the Ecumenical Temple.
  2612 | D:4      | Reached XP level 5. HP: 36/41 MP: 3/9
  2669 | Temple   | Entered the Ecumenical Temple
  2675 | Temple   | Became a worshipper of Sif Muna the Loreminder
  3205 | D:4      | Reached skill level 1 in Translocations
  3473 | D:4      | Reached XP level 6. HP: 24/50 MP: 5/10
  3825 | D:5      | Entered Level 5 of the Dungeon
  4136 | D:5      | Noticed a steam dragon
  4144 | D:5      | Noticed a water moccasin
  4160 | D:5      | Killed a water moccasin
  4161 | D:5      | Reached skill level 5 in Conjurations
  4277 | D:5      | Slain by a steam dragon

Illustrated notes

Levels and vault maps discovered:
D:1:      psy_arrival_terrarium, layout_basic
D:2:      layout_rooms, shapermc_ecumenical_altar_pompeii
D:3:      layout_loops_ring, nemelex_diamond_rough_becter, amethyst_killhole
D:4:      layout_basic, temple_doors_ab
D:5:      layout_loops_cross, mainiacjoe_overflow_tiny_flanked
Temple:   chequers_temple_sunken

Skill      XL: |  1  2  3  4  5  6 |
---------------+-------------------+-----
Stealth        | 2 3 |  3.5
Dodging        | 2 3 |  3.3
Fighting       | 1 2 3 |  3.1
Spellcasting   | 3 |  3.4
Translocations | 1 |  1.8
Conjurations   | 5 |  5.0

Action                     |  1- 3 |  4- 6 || total
---------------------------+-------+-------++-------
  Melee: Dagger            |   115 |    36 ||   151
         Unarmed           |     3 |       ||     3
         Tailslap          |    17 |     6 ||    23
         Punch             |     5 |       ||     5
   Cast: Magic Dart        |    51 |    61 ||   112
         Searing Ray       |     1 |     9 ||    10
         Blink             |       |     1 ||     1
         Momentum Strike   |       |     1 ||     1
    Use: Scroll            |     6 |     3 ||     9
         Potion            |       |     2 ||     2
 Armour: Skin              |    59 |    62 ||   121
  Dodge: Dodged            |    74 |    34 ||   108

Table legend: (Time is in decaauts)
 A = Elapsed time spent in this place.
 B = Non-inter-level travel time spent in this place.
 C = Inter-level travel time spent in this place.
 D = Time resting spent in this place.
 E = Time spent auto-exploring this place.
 F = Levels seen in this place.
 G = Mean time per level.
                   A        B        C        D        E       F      G
               +--------+--------+--------+--------+--------+-----+--------+
         Total |   4293 |   4107 |    186 |   1010 |   2370 |   6 |  715.5 |
       Dungeon |   4276 |   4090 |    186 |   1010 |   2370 |   5 |  855.2 |
        Temple |     16 |     16 |      0 |      0 |      0 |   1 |   16.0 |
               +--------+--------+--------+--------+--------+-----+--------+

Top non-repeatable levels by time:
     D:4: 1435 daAuts
     D:3: 1086 daAuts
     D:1: 770 daAuts
     D:2: 584 daAuts
     D:5: 398 daAuts
  Temple: 16 daAuts
